[Event "5th Vera Menchik Memorial 2022"]
[Site "Prag"]
[Date "2022.06.05"]
[Round "3.5"]
[White "Haman, Jakub"]
[Black "Neuman, Petr"]
[Result "0-1"]
[ECO "B07"]
[WhiteElo "2229"]
[BlackElo "2389"]
[Annotator "TA"]
[PlyCount "108"]
[EventDate "2022.06.05"]
[EventType "tourn"]
[EventCountry "CZE"]
[SourceTitle "playchess.com"]
[Source "ChessBase"]
[SourceQuality "1"]
[TimeControl "720+3"]

1. e4 d6 2. d4 Nf6 3. Nc3 e5 4. dxe5 dxe5 5. Qxd8+ Kxd8 6. Bc4 Ke8 {[%emt 0:00:03] B07: Pirc Defence: Miscellaneous Systems.} 7. f3 c6 8. a4 a5 {[%emt 0:00:05] White is slightly better.} 9. Be3 Nbd7 {[%emt 0:00:02] 9...Nbd7 has become a bit dusty these days.} 10. O-O-O Bc5 11. Bxc5 Nxc5 12. Nge2 Nfd7 13. b3 Nb6 14. Bd3 Be6 15. Kb2 Rd8 16. Nc1 Ke7 17. Be2 {[%emt 0:00:03] [#]} g6 $146 ({Predecessor:} 17... Rxd1 18. Rxd1 g5 19. Nd3 Nbd7 20. Nxc5 Nxc5 21. Rf1 h5 22. Nd1 h4 23. Ne3 b6 {½-½ (36) Nestorovic,L (2419)-Pikula,D (2531) Valjevo 2011}) 18. Rxd8 Rxd8 19. Rd1 Rg8 20. Nd3 Nbd7 21. Nb1 Nxd3+ 22. Bxd3 Nc5 23. Na3 Rd8 24. Be2 Rb8 25. Kc3 f6 26. g3 Bd7 27. Nc4 b6 28. Bd3 Ne6 29. Rf1 Nc5 30. f4 exf4 31. gxf4 Be6 32. f5 (32. Kd4 $11 {is more appropriate.}) 32... Bxc4 $15 33. Kxc4 {[%emt 0:00:16][%mdl 4096] Endgame KRB-KRN} Nd7 34. fxg6 hxg6 35. Kc3 {[%emt 0:00:11] This move loses the game for White.} (35. h4 $1 $11 {and White is okay.}) 35... Rh8 $19 36. Rf2 Ne5 37. Be2 Rh4 38. Kd4 {[%emt 0:00:20] [#]} (38. Rg2 $142) 38... f5 $1 39. Bd3 Ke6 40. Rg2 (40. h3 {was necessary.}) 40... c5+ 41. Ke3 f4+ 42. Kd2 {[%emt 0:00:23] [#]} (42. Kf2 $142 f3 43. Rg1) 42... Kf6 $2 (42... Rxh2 $3 43. Rxh2 (43. Bf1 Rh8) 43... Nf3+ 44. Ke2 Nxh2) 43. Rf2 {[%emt 0:00:21] [#]} (43. Be2) 43... Rxh2 $3 44. Rxh2 Nf3+ 45. Ke2 Nxh2 {[%emt 0:00:01] KB-KN} 46. Kf2 (46. e5+ $142 Kxe5 47. Bxg6) 46... g5 {[%emt 0:00:08] White must now prevent ...Ke5.} 47. Be2 g4 {[%emt 0:00:03] ...Ke5 is the strong threat.} 48. Kg1 g3 (48... f3 $142 49. Bc4 g3 50. Kh1 Ng4 51. Bf1 Ne3 52. e5+ Kxe5 53. Bh3 Kf4 54. c4 f2 55. Bg2 Kg4 56. b4 cxb4 57. c5 b3 58. Bf1 Nxf1 59. c6 Ne3 60. c7 f1=Q#) 49. Kg2 Ke5 50. Bd3 Kd4 51. Kh3 Nf3 {[%emt 0:00:04] ( -> ...Ne1)} 52. Bf1 Kxe4 {[%emt 0:00:25] Black mates.} 53. Bg2 Ke3 54. Kg4 Ne1 {[%emt 0:00:04][%csl LRc2,LRg2] Weighted Error Value: White=0.92/Black=0.27 (precise)} 0-1

[Event "5th Vera Menchik Memorial 2022"]
[Site "Prag"]
[Date "2022.06.05"]
[Round "3.6"]
[White "Brejnik, Gustav"]
[Black "Mladek, Richard"]
[Result "1/2-1/2"]
[ECO "E04"]
[WhiteElo "2246"]
[BlackElo "2361"]
[Annotator "TA"]
[PlyCount "206"]
[EventDate "2022.06.05"]
[EventType "tourn"]
[EventCountry "CZE"]
[SourceTitle "playchess.com"]
[Source "ChessBase"]
[SourceQuality "1"]
[TimeControl "720+3"]

1. d4 d5 2. c4 e6 3. Nf3 Nf6 4. g3 dxc4 5. Bg2 c5 6. O-O Nc6 7. dxc5 Qxd1 8. Rxd1 Bxc5 9. Nbd2 c3 10. bxc3 O-O 11. Nb3 Be7 {[%emt 0:00:01] E04: Open Catalan: 5 Nf3.} 12. Nfd4 Nxd4 13. cxd4 Nd5 14. Bd2 {[%emt 0:00:22] [#]} Ba3 $146 ({Predecessor:} 14... f5 15. Rac1 b6 16. Bf4 Bb7 17. Nd2 Rac8 18. Nc4 Rfd8 19. Be5 Ba6 20. Bxd5 exd5 {1-0 (77) Svane,R (2648)-Tari,A (2650) Chess.com INT 2022}) 15. Rab1 b6 $1 16. e4 Nf6 17. Bc1 Bb4 18. a3 Be7 19. a4 (19. Bg5 $5 Re8 20. e5 $14) 19... Bb7 20. f3 Rfc8 21. Bf1 Bb4 (21... Rc3 $5 ) 22. Bd2 Bxd2 23. Rxd2 (23. Nxd2 $14 Bc6 24. Rb4) 23... Rc3 $11 24. Rd3 Rac8 25. Nc5 Rxd3 26. Nxd3 g5 27. a5 Nd7 28. axb6 axb6 29. Nf2 Rc3 30. Bb5 Nf6 31. Be2 g4 32. Rxb6 gxf3 33. Bxf3 Rxf3 34. Rxb7 {[%emt 0:00:01][%mdl 4096] Endgame KRN-KRN} Re3 35. Rb8+ Kg7 36. e5 Nd5 37. Kg2 Ra3 38. Rb7 Ne3+ 39. Kh3 Ra2 40. Ne4 h5 41. Nd6 Ng4 42. Kh4 ({Don't blunder} 42. Rxf7+ $2 Kg6 43. Rf6+ Nxf6 44. exf6 Ra4 $19) 42... Kg6 43. h3 Nh6 (43... Ne3 $5 44. g4 hxg4 45. hxg4 Ra3 $11) 44. Rb4 {[%emt 0:00:02] Prevents Ra4.} Ra6 45. g4 $1 hxg4 46. hxg4 Ra1 47. Rb8 Rg1 48. g5 Rxg5 49. Kh3 Rg1 50. Rb4 Kg5 51. Ne4+ Kf4 52. Nf2 (52. Nd6 $15) 52... Rg3+ $2 ({Black should try} 52... Kf3 $19 53. Rb2 Rg3+ 54. Kh2 Rg2+ 55. Kh3 Rxf2) 53. Kh2 $15 Rg8 {[%emt 0:00:12] ...Kf3 is the strong threat.} 54. Nh3+ $2 (54. d5+ $1 $15 Kf3 55. dxe6) 54... Kf3 55. Ng1+ Ke4 56. Ne2 {[%emt 0:00:03] [#]} Ng4+ $1 57. Kh3 $2 (57. Kh1 {is a better defense.}) 57... Nf2+ (57... Kf3 $142 58. Ng1+ Kf2) 58. Kh4 $2 {[%emt 0:00:02] [#]} (58. Kh2) 58... Kf5 $2 (58... Kf3 $1 $19 {( -> ...Rh8+)} 59. d5 Kxe2 60. dxe6 fxe6) 59. Ng3+ Kf4 60. d5+ Kxe5 61. dxe6 fxe6 62. Rb5+ Kf4 63. Rb4+ ({Much weaker is} 63. Ne2+ Ke4 $17) 63... Kf3 64. Rb3+ Kg2 {[%emt 0:00:01] Strongly threatening ...Rg4+.} 65. Ne2 Rg4+ 66. Kh5 e5 67. Re3 e4 68. Nc3 Rf4 69. Nxe4 Nxe4 $11 {[%emt 0:00:01] KRN-KR} 70. Kg6 Kf2 71. Ra3 Rf6+ 72. Kg7 Rf5 73. Kg6 Rd5 74. Ra4 Kf3 75. Rb4 Kf4 76. Ra4 Rd6+ 77. Kf7 Rd5 (77... Rc6 $15) 78. Ke6 (78. Kg6 $11) 78... Re5+ $15 79. Kf7 Kf5 80. Ra1 Ng5+ 81. Kg7 Re7+ 82. Kf8 Rf7+ 83. Ke8 Rc7 84. Rf1+ Kg6 85. Re1 Rh7 86. Re7 Nf7 87. Kd7 Kf6 88. Re6+ Kf5 89. Re1 Ne5+ 90. Kd6 Rd7+ 91. Kc5 Ke6 92. Re2 Rd5+ 93. Kb6 Kd6 94. Rh2 Rd1 95. Rh6+ Kd5 96. Rh8 Rb1+ 97. Kc7 Rg1 98. Rd8+ Kc5 99. Rd2 Rg7+ 100. Kd8 Nf7+ 101. Ke7 Nd6+ 102. Kf6 Ne4+ (102... Rg8 $15) 103. Kxg7 $11 Nxd2 {[%emt 0:00:03] Black had all chances to win.  Weighted Error Value: White=0.32/Black=0.41} 1/2-1/2

[Event "5th Vera Menchik Memorial 2022"]
[Site "Prag"]
[Date "2022.06.05"]
[Round "3.7"]
[White "Vokoun, Jan"]
[Black "Bures, Jaroslav"]
[Result "1/2-1/2"]
[ECO "A48"]
[WhiteElo "2056"]
[BlackElo "2422"]
[Annotator "TA"]
[PlyCount "56"]
[EventDate "2022.06.05"]
[EventType "tourn"]
[EventCountry "CZE"]
[SourceTitle "playchess.com"]
[Source "ChessBase"]
[SourceQuality "1"]
[TimeControl "720+3"]

1. d4 Nf6 2. Nf3 g6 3. Bf4 b6 4. Nbd2 Bb7 5. h3 c5 6. e3 Bg7 7. c3 O-O 8. Be2 {[%emt 0:00:01] A48: 1 d4 Nf6 2 Nf3 g6: Torre, London and Colle Systems.} Nc6 9. O-O d5 {[%emt 0:00:01] is the legacy move (9...d6).} 10. Re1 Nd7 11. Qb3 e5 12. dxe5 Ndxe5 13. Rad1 {[%emt 0:00:28] [#]} Na5 $146 ({Predecessor:} 13... Qc8 14. e4 d4 15. cxd4 cxd4 16. Nxe5 Nxe5 17. Nc4 Qc5 18. Nxe5 Bxe5 19. Bxe5 Qxe5 20. Qb5 Qxb5 21. Bxb5 Rfd8 22. e5 Bd5 23. Rxd4 Bxa2 24. Rd6 Be6 {½-½ (24) Ferlan,I (2270)-Hirn,O (2190) Bayern 1995}) 14. Qc2 Nxf3+ 15. Bxf3 Qe7 {[%emt 0:00:24] Against Ne4} (15... Qd7 $11 {keeps the balance.}) 16. Qb1 (16. Nb3 $16) 16... Rad8 $11 17. b4 Nc6 18. bxc5 Qxc5 19. Rc1 Na5 {[%emt 0:00:00] Inhibits c4.} (19... Bxc3 $2 20. Nb3 Qc4 21. Be2 Bxe1 22. Bxc4 dxc4 23. Bh6 $18) 20. Qb4 {[%emt 0:00:59] Strongly threatening Qxc5.} Rd7 21. Bg4 f5 22. Be2 Rc8 23. Nf3 Bxc3 24. Qxc5 Rxc5 25. Red1 Nc6 26. g4 fxg4 27. hxg4 b5 (27... Bf6 $11) 28. Bxb5 Rxb5 {[%emt 0:00:00] Weighted Error Value: White=0.20 (precise) /Black=0.25 (precise)} 1/2-1/2

[Event "5th Vera Menchik Memorial 2022"]
[Site "Prag"]
[Date "2022.06.05"]
[Round "3.8"]
[White "Varga, David"]
[Black "Svoboda, Milos"]
[Result "1-0"]
[WhiteElo "2323"]
[BlackElo "2095"]
[Annotator "TA"]
[PlyCount "33"]
[EventDate "2022.06.05"]
[EventType "tourn"]
[EventCountry "CZE"]
[SourceTitle "playchess.com"]
[Source "ChessBase"]
[SourceQuality "1"]
[TimeControl "720+3"]

1. e4 e5 2. Nf3 Nc6 3. Bb5 f5 4. d3 {[%emt 0:00:36] [#] A rather calm draw.} {Predecessor:} fxe4 $146 5. dxe4 Nf6 6. O-O {C63: Ruy Lopez: Schliemann/Jaenisch Defence.} Bc5 7. Bxc6 bxc6 8. Nxe5 O-O 9. Nc3 d6 10. Na4 Nxe4 11. Nxc5 Nxc5 12. Be3 Qe8 13. Bxc5 Qxe5 14. Bd4 Qg5 15. f3 c5 16. Bc3 Bb7 17. Qd3 {½-½ (45) Caruana,F (2781)-Nakamura,H (2750) Chess.com INT 2022} 1-0

[Event "5th Vera Menchik Memorial 2022"]
[Site "Prag"]
[Date "2022.06.05"]
[Round "3.9"]
[White "Pascucci, Marco"]
[Black "Jacko, Vladimir"]
[Result "0-1"]
[ECO "E12"]
[WhiteElo "2155"]
[BlackElo "2379"]
[Annotator "TA"]
[PlyCount "58"]
[EventDate "2022.06.05"]
[EventType "tourn"]
[EventCountry "CZE"]
[SourceTitle "playchess.com"]
[Source "ChessBase"]
[SourceQuality "1"]
[TimeControl "720+3"]

1. Nf3 Nf6 2. c4 b6 3. Nc3 Bb7 4. d4 e6 5. a3 Be7 6. Qc2 d5 7. Bf4 {[%emt 0:00:42] E12: Queen's Indian: Unusual White 4th moves, 4 a3, 4 Nc3 Bb7 5 a3 and 4 Nc3 Bb7 .} a6 8. cxd5 exd5 9. e3 {[%emt 0:00:05] White is slightly better.} Nbd7 10. Bd3 O-O 11. h4 {[%emt 0:01:40][%cal Og2g4] [#]} Re8 $146 ({Predecessor:} 11... c5 12. h5 b5 13. g4 Re8 14. g5 Ne4 15. g6 Bf6 16. gxh7+ Kxh7 17. Kf1 Rc8 18. dxc5 Ndxc5 {1-0 (43) Korneev,S (2105)-Rodriguez Redondo,E (1755) Santa Cruz de Tenerife 2014}) 12. h5 c5 13. g4 cxd4 14. Nxd4 {[%emt 0:00:22] White wants to play g5.} Ne4 {[%emt 0:00:02] Prevents g5.} 15. f3 ({Much worse is} 15. Bxe4 dxe4 16. O-O-O Nc5 $11) 15... Nxc3 (15... Ndc5 $14) 16. bxc3 $2 (16. Bxh7+ $18 Kh8 17. bxc3) 16... Nf8 $11 17. Kf2 Bh4+ 18. Kg2 {[%emt 0:00:20][%cal Oh1h4] aiming for Rxh4!} Bg5 19. Bxg5 Qxg5 20. Nf5 (20. f4 $11 Qe7 21. Rh3) 20... d4 (20... g6 $17 21. Nd4 Qxe3) 21. cxd4 $2 (21. e4 $11 {and White is okay.}) 21... Qxg4+ $1 $19 22. Kh2 Bxf3 {[%emt 0:00:16] [#]} (22... Qxf3 $19 23. Qe2 Qxe2+ 24. Bxe2 Bxh1 25. Rxh1 g6) 23. Rhg1 $2 (23. Nh6+ $1 $16 {[%mdl 512] is necessary to keep the advantage.} gxh6 24. Rhg1) 23... Qxh5+ 24. Kg3 Ng6 (24... Bg4 $142 25. Qh2 Qxh2+ 26. Kxh2 Bxf5 27. Bxf5 Rxe3) 25. Raf1 (25. Qh2 $142 Qxh2+ 26. Kxh2) 25... Rac8 26. Qb1 (26. Qh2 Qxh2+ 27. Kxh2) 26... Ba8 27. e4 Rc3 {[%emt 0:00:08][%csl LRa3,LRe4] ( -> ...Rxe4)} 28. d5 Rxe4 29. Kf2 Qxf5+ {[%emt 0:00:00] Weighted Error Value: White=1.15/Black=0.85} 0-1

[Event "5th Vera Menchik Memorial 2022"]
[Site "Prag"]
[Date "2022.06.05"]
[Round "3.10"]
[White "Postupa, Pavel"]
[Black "Pachmann, Ales"]
[Result "1-0"]
[ECO "B51"]
[WhiteElo "2235"]
[BlackElo "2288"]
[Annotator "TA"]
[PlyCount "75"]
[EventDate "2022.06.05"]
[EventType "tourn"]
[EventCountry "CZE"]
[SourceTitle "playchess.com"]
[Source "ChessBase"]
[SourceQuality "1"]
[TimeControl "720+3"]

1. e4 c5 2. Nf3 Nc6 3. Bb5 d6 4. O-O Bd7 5. Re1 Nf6 6. c3 e5 7. d3 {[%emt 0:00:00] B51: Sicilian: Moscow Variation (3 Bb5+) without 3...Bd7.} (7. d4 $14) 7... Be7 8. h3 O-O 9. Nbd2 {[%emt 0:00:00][%cal Bb1d2,Bd2f1,Bf1g3][%mdl 32] [#] The position is equal.} Na5 $146 ({Predecessor:} 9... a6 10. Ba4 b5 11. Bc2 Be6 12. a4 b4 13. Nc4 Nd7 14. Ne3 f5 15. exf5 Bxf5 16. Nxf5 Rxf5 {1-0 (44) Hamelovsky,A-Shagin,A Kislovodsk 2009}) 10. Bxd7 Nxd7 11. Nf1 f5 12. exf5 Rxf5 13. Ng3 Rf8 14. d4 cxd4 15. cxd4 Kh8 16. dxe5 Nxe5 17. Nd4 {[%emt 0:00:00] [#] Threatens to win with Ne6.} Qb6 ({Better is} 17... Qd7 $14) 18. b3 Bf6 (18... Nac6 $16 19. Be3 Qa5) 19. Be3 $18 {[%emt 0:00:00] Black must now prevent Ne6.} Qb4 (19... Qa6 {might work better.}) 20. a3 ({White should play} 20. Ne4 $18) 20... Qc3 $16 21. Ne4 Qd3 22. Nxf6 Rxf6 23. Qxd3 Nxd3 24. Red1 $36 {[%emt 0:00:00][%mdl 2048] Black is under strong pressure.} Nf4 25. Rac1 Raf8 $2 {[%emt 0:00:42][%mdl 8192] A mistake that costs the game.} (25... Nxb3 $16 {was necessary.} 26. Bxf4 (26. Nxb3 Ne2+ 27. Kh2 Nxc1 $16) 26... Nxc1 27. Bxc1 Kg8) 26. b4 Nc6 $2 (26... Nb3 {is a better defense.}) 27. Bxf4 $18 Rxf4 28. Nxc6 (28. Ne6 $142) 28... bxc6 29. Rxd6 ({Much less strong is} 29. Rxc6 Rxf2 30. Rcxd6 (30. Rdxd6 Rf1+ 31. Kh2 R1f7 $16) 30... h6) 29... Rxf2 30. Rcxc6 {[%emt 0:00:00][%mdl 4096] [#] Endgame And now Rd7 would win. KRR-KRR} ({But not} 30. Rdxc6 Kg8 31. Rc7 R2f7) 30... Ra2 $2 (30... R2f7 31. b5 h6) 31. Ra6 h5 32. Rxa7 h4 {[%emt 0:00:34] ( -> ...Ra1+)} 33. Rd4 g5 (33... Kg8 $142 34. Rxh4 Rf7) 34. Rd5 {[%emt 0:00:00] Strongly threatening Kh2.} Rf4 35. Rd8+ Rf8 36. Rd4 (36. Rxf8# $142) 36... Ra1+ 37. Kh2 Rb8 38. Rd5 {[%emt 0:00:03] Weighted Error Value: White=0.50/Black=0.88} 1-0

[Event "5th Vera Menchik Memorial 2022"]
[Site "Prag"]
[Date "2022.06.05"]
[Round "3.11"]
[White "Bartonicek, Zdenek"]
[Black "Fedorov, Evgueny"]
[Result "0-1"]
[WhiteElo "2007"]
[BlackElo "2236"]
[Annotator "TA"]
[PlyCount "32"]
[EventDate "2022.06.05"]
[EventType "tourn"]
[EventCountry "CZE"]
[SourceTitle "playchess.com"]
[Source "ChessBase"]
[SourceQuality "1"]
[TimeControl "720+3"]

1. d4 Nf6 2. Nf3 g6 3. c4 Bg7 4. g3 O-O 5. Bg2 d6 6. O-O Nc6 7. Nc3 a6 {[%emt 0:00:02][%mdl 32768] [#] Loss on time!? 7...e5 is the fancy move.} {Predecessor:} 8. e4 $146 {E63: King's Indian: Fianchetto: Panno Variation with 7...a6.} Rb8 9. c5 b5 10. d5 Na5 11. b4 Nc4 12. Nd4 Qe8 13. a4 e5 14. Nc6 Rb7 15. axb5 axb5 16. Ra8 Qd7 {1-0 (26) Mamedyarov,S (2767)-Rapport,R (2763) Baku 2021} 0-1

[Event "5th Vera Menchik Memorial 2022"]
[Site "Prag"]
[Date "2022.06.05"]
[Round "3.12"]
[White "Burdalev, Kirill"]
[Black "Rehak, Martin"]
[Result "1-0"]
[ECO "B02"]
[WhiteElo "2381"]
[BlackElo "2001"]
[Annotator "TA"]
[PlyCount "104"]
[EventDate "2022.06.05"]
[EventType "tourn"]
[EventCountry "CZE"]
[SourceTitle "playchess.com"]
[Source "ChessBase"]
[SourceQuality "1"]
[TimeControl "720+3"]

1. e4 Nf6 2. Nc3 d5 3. exd5 Nxd5 4. Nf3 Bg4 5. Be2 Nf4 6. O-O {[%emt 0:00:15] B02: Alekhine's Defence: Chase Variation and lines with early Nc3.} (6. d4 $14 Nxe2 7. Qxe2) 6... Nc6 {[%emt 0:00:26] [#]} 7. Bc4 $146 ({Predecessor:} 7. h3 Nxe2+ 8. Nxe2 Bxf3 9. gxf3 Qd5 10. Ng3 Ne5 11. Kg2 Ng6 12. Ne4 Nh4+ 13. Kg3 Qe5+ {0-1 (13) Simon,P (1654)-Cermak,M (2106) Liberec 2019}) 7... e6 {[%emt 0:01:01] And now ...Nd4 would win.} 8. Bb5 {[%emt 0:01:03] The position is equal.} a6 ({Black should play} 8... Qf6 $1 $11) 9. Bxc6+ $14 bxc6 10. d4 Nd5 11. Ne4 $36 {[%emt 0:00:16][%mdl 2048] Black is under pressure.} Be7 12. h3 Bh5 13. Ng3 {[%emt 0:00:05] Pair of Knights!} Bg6 14. Ne5 c5 15. c4 {[%emt 0:00:37] Strongly threatening Qa4+.} Nb6 {[%emt 0:00:41] [#] Inhibits Qa4+.} 16. Nc6 {[%emt 0:00:22] White is more active.} ({Better is} 16. d5 $1 $16) 16... Qd6 {[%emt 0:00:19] [#] Inhibits Bf4.} ({Black should try} 16... Qd7 $1 $14 17. Nxe7 Qxe7) 17. Nxe7 (17. Qf3 $1 $16 {aiming for Bf4.} cxd4 18. Bf4) 17... Qxe7 18. d5 (18. b3 $14) 18... O-O 19. b3 (19. Re1 $142) 19... exd5 $11 20. cxd5 Rfd8 21. Bb2 Nxd5 22. Qc1 (22. Qg4 $11) 22... Nb4 $15 23. Qc3 Qf8 24. Rfc1 Rd5 25. Ba3 (25. Nf1 $15) 25... Nd3 $17 26. Rf1 Rad8 27. Rad1 Qd6 28. Rd2 h5 29. h4 $2 (29. Bb2 $17 f6 30. Rfd1) 29... Qf4 $19 30. Bb2 Nxb2 31. Rxd5 Rxd5 32. Qxb2 Qxh4 33. Qe2 Qd8 {[%emt 0:00:29] ...Bd3 is the strong threat.} 34. Re1 Rd6 35. Qe8+ (35. Nf1 $17) 35... Qxe8 36. Rxe8+ {[%emt 0:00:01][%mdl 4096] Endgame KRB-KRN} Kh7 37. Ne4 (37. f4 {is a better defense.} f6 38. Re7) 37... Rc6 $2 (37... Rd1+ $19 38. Kh2 f5) 38. Nc3 $2 (38. Ng5+ $1 $11 Kh6 39. f4) 38... c4 {[%emt 0:00:03][%cal Bc5c4,Bc4c3,Bc3c2][%mdl 32] Threatens to win with ...cxb3.} 39. b4 Rd6 40. Rc8 $2 (40. Re3) 40... Rd3 {[%emt 0:00:02] Black is clearly winning.} 41. Na4 Ra3 42. Nc5 Rxa2 43. Rxc7 c3 44. Nb3 {[%emt 0:00:09] Inhibits Ra1+.} c2 45. Kh2 Rb2 46. Nd4 Rxb4 47. Nxc2 Rb2 48. Nd4 Rxf2 49. Nf3 Kh6 50. Rc8 Ra2 51. Rh8+ Bh7 52. Ne5 f6 {[%emt 0:00:02][%mdl 32768] Weighted Error Value: White=0.47/Black=0.28 (precise) . Loss on time!?} 1-0

[Event "5th Vera Menchik Memorial 2022"]
[Site "Prag"]
[Date "2022.06.05"]
[Round "3.13"]
[White "Benes, Petr"]
[Black "Hrabusa, Matej"]
[Result "0-1"]
[ECO "E05"]
[WhiteElo "2121"]
[BlackElo "2361"]
[Annotator "TA"]
[PlyCount "74"]
[EventDate "2022.06.05"]
[EventType "tourn"]
[EventCountry "CZE"]
[SourceTitle "playchess.com"]
[Source "ChessBase"]
[SourceQuality "1"]
[TimeControl "720+3"]

1. Nf3 d5 2. g3 Nf6 3. Bg2 e6 4. O-O Be7 5. d4 O-O 6. c4 dxc4 7. Ne5 c5 8. dxc5 Bxc5 9. Nxc4 Qc7 10. Qc2 {[%emt 0:00:26] E05: Open Catalan: 5 Nf3 Be7.} Nbd7 {[%emt 0:00:05] [#]} (10... Nc6 $11) 11. Bd2 $146 ({Predecessor:} 11. Qe4 Nxe4 12. Bxe4 Bxf2+ 13. Rxf2 Qxc4 14. Nc3 Nf6 15. Bf3 e5 16. e4 Bg4 17. Bg2 {0-1 (29) Rodrigues da Silva,E (2148)-Franca Pessoa,A (1884) Joao Pessoa 2018}) 11... Rb8 12. Rc1 (12. Nba3 $14) 12... b6 $11 13. Nba3 {[%emt 0:00:21] Black must now prevent b4.} (13. Bf4 $5 e5 14. Be3 $11) 13... a6 14. b4 Be7 (14... Bd4 $14) 15. Bf4 $36 {[%emt 0:00:22][%mdl 2048] White is really pushing.} Qa7 16. Bxb8 Qxb8 17. Rab1 Bb7 18. Qd3 (18. Bxb7 $142 Qxb7 19. Qb3) 18... Bxg2 19. Kxg2 Rd8 (19... b5 $16 {was necessary.}) 20. Qf3 $18 Nd5 21. Nc2 (21. b5 $1 $16) 21... Qa8 (21... b5 $1 $11 {keeps the balance.} 22. Nd2 Bg5) 22. a3 $2 (22. N2e3 $16 {keeps the pressure on.}) 22... b5 $17 23. e4 (23. N2e3 $17 {is the only way for White.} bxc4 24. Nxc4) 23... N5f6 $1 $19 24. Na5 {[%emt 0:00:00] [#]} (24. N2e3 {was worth a try.}) 24... Nxe4 $2 (24... Ne5 $1 $19 {[%cal Re5f3] has better winning chances.} 25. Qe3 (25. Qf4 $2 Nxe4 26. Ne1 Bf6 $19) 25... Rd3) 25. Re1 $17 {[%emt 0:00:00] [#]} f5 {[%emt 0:00:10][%cal Bf7f5,Bf5e4][%mdl 32] Strongly threatening ...Ne5.} 26. Kg1 $2 {[%emt 0:00:00][%mdl 8192] This costs White the game.} (26. Rxe4 $17 fxe4 27. Qg4 e3+ 28. Kh3) 26... Ne5 $19 27. Qg2 Rd2 $1 28. Rxe4 fxe4 29. Ne1 Qd5 30. Nb3 Re2 31. Kf1 Qc4 {[%emt 0:00:20] ( -> ...Rb2+)} 32. Na5 {[%emt 0:00:00] [#]} Rxe1+ $1 33. Kxe1 Qd3 (33... Qc2 $142 34. Rb3 Nd3+ 35. Rxd3 exd3 36. Qa8+ Bf8 37. Kf1 d2 38. Kg2 d1=Q 39. Qf3 Qxf3+ 40. Kxf3 Qd3+ 41. Kg2 Qxa3 42. Nc6 Qc3 43. Nb8 Bxb4 44. g4 Qc8 45. Nxa6 Qxa6 46. g5 Bc5 47. Kg3 Qa2 48. f3 Qf2+ 49. Kf4 Bd6+ 50. Ke4 Qe2+ 51. Kd4 Qxf3 52. h4 e5#) 34. Rb3 Qd5 {[%emt 0:01:37] Threatens to win with ...Nf3+.} 35. Re3 Nf3+ 36. Rxf3 exf3 37. Qf1 Bg5 {[%emt 0:00:12] Weighted Error Value: White=1.27/Black=0.53} 0-1

[Event "5th Vera Menchik Memorial 2022"]
[Site "Prag"]
[Date "2022.06.05"]
[Round "3.14"]
[White "Cap, Adam"]
[Black "Holy, Filip"]
[Result "1/2-1/2"]
[ECO "B15"]
[WhiteElo "2269"]
[BlackElo "2066"]
[Annotator "TA"]
[PlyCount "46"]
[EventDate "2022.06.05"]
[EventType "tourn"]
[EventCountry "CZE"]
[SourceTitle "playchess.com"]
[Source "ChessBase"]
[SourceQuality "1"]
[TimeControl "720+3"]

1. e4 c6 2. d4 d5 3. Nc3 dxe4 4. Nxe4 Nf6 5. Nxf6+ exf6 6. Nf3 Bd6 7. Bd3 O-O 8. O-O Nd7 9. c3 Re8 {[%emt 0:00:11] B15: Caro-Kann: 3 Nc3: 3...g6 and 3...dxe4 4 Nxe4 Nf6 5 Nxf6+ exf6.} 10. Qc2 Nf8 11. h3 Be6 12. Bd2 $1 Qd7 13. Rfe1 Ng6 (13... Bxh3 {looks sharper.} 14. Rxe8 Rxe8 15. gxh3 Qxh3 16. Qd1 g5) 14. Bxg6 (14. Re3 $11 {remains equal.}) 14... hxg6 $17 15. c4 Bxh3 16. gxh3 $11 {[%emt 0:00:14] The position is equal.} Qxh3 {[%emt 0:00:04] [#] And now ...Qg4+ would win.} 17. Qb3 $146 ({Predecessor:} 17. Qd3 Bh2+ 18. Kh1 Bf4+ 19. Kg1 Bxd2 20. Re4 Rxe4 21. Qxe4 f5 22. Qd3 Bf4 23. Re1 g5 24. Re2 g4 {0-1 (24) Baragano Campa,D (2148)-Bendayan Claros,A (2031) Aviles 2008}) 17... g5 {[%emt 0:02:00][%cal Bg6g5,Bg5g4][%mdl 32] aiming for ...g4.} 18. Rxe8+ Rxe8 19. Re1 Rxe1+ 20. Bxe1 g4 21. Nd2 {[%emt 0:00:19] [#] Qxh3 is the strong threat.} Bh2+ 22. Kh1 {[%emt 0:00:00] Black must now prevent Qxh3.} Bg3+ (22... g3 $5 23. Qf3 gxf2 24. Bxf2 Bg3+ 25. Kg1 Bh2+ 26. Kh1 Bg3+ 27. Kg1 Bh2+ 28. Kh1 $11) 23. Kg1 Bh2+ {[%emt 0:00:03] Weighted Error Value: White=0.21 (precise) /Black=0.13 (very precise)} 1/2-1/2